 Dungeon Crawl Stone Soup version 0.31.0-9-g3a7656b989 (webtiles) character file.

Game seed: 17152291378420913513

92 Eitelfritz the Sneak (level 4, -1/27 HPs)
             Began as a Kobold Brigand on Feb 4, 2024.
             Slain by Sigmund
             ... wielding a +1 scythe of protection
              (9 damage)
             ... on level 2 of the Dungeon.
             The game lasted 00:05:00 (1738 turns).

Eitelfritz the Sneak (Kobold Brigand)               Turns: 1738, Time: 00:05:00

Health: -1/27      AC:  5    Str:  8    XL:     4   Next: 90%
Magic:  4/4        EV: 14    Int: 12    God:
Gold:   83         SH:  0    Dex: 18    Spells: 3/3 levels left

rFire   . . .        a - +0 dagger (freeze)
rCold   . . .        (no shield)
rNeg    . . .        f - +0 leather armour
rPois   .            (no helmet)
rElec   .            j - +0 cloak
rCorr   .            r - +0 pair of gloves
SInv    .            (no boots)
Will    .....        (no amulet)
Stlth   ++++         g - ring of flight
HPRegen 0.24/turn    (no ring)
MPRegen 0.09/turn

%: no passive effects
@: flying
A: small, no large weapons, nightstalker 3
a: no special abilities


You were on level 2 of the Dungeon.
You visited 1 branch of the dungeon, and saw 2 of its levels.

You collected 83 gold pieces.

Inventory:

Hand Weapons
 a - a +0 dagger of freezing (weapon)
 b - a +0 sling
 c - a +0 short sword
 q - a +2 dagger
Missiles
 d - 9 poisoned darts
 e - 2 curare-tipped darts (quivered)
Armour
 f - a +0 leather armour (worn)
 j - a +0 cloak (worn)
 r - a +0 pair of gloves (worn)
Jewellery
 g - a ring of flight (left hand)
 m - a ring of fire
Scrolls
 k - 4 scrolls of identify {unknown}
 l - 2 scrolls of teleportation {unknown}
 n - 2 scrolls of vulnerability {unknown}
 o - a scroll of noise {unknown}
 s - 2 scrolls of poison {unknown}
Potions
 h - 3 potions of brilliance {unknown}
 i - 2 potions of magic {unknown}
 p - 2 potions of cancellation {unknown}
 t - a potion of ambrosia {unknown}
 u - a potion of invisibility {unknown}


   Skills:
 + Level 2.5 Fighting
 + Level 3.4 Short Blades
 + Level 2.5 Throwing
 + Level 0.3 Armour
 + Level 1.6 Dodging
 + Level 7.0 Stealth


You had 3 spell levels left.
You didn't know any spells.
Your spell library contained the following spells:

 Spells                   Type           Power      Damage    Failure   Level
 Iskenderun's Battlesphe  Conj           0%         2d6       100%        5
 Bombard                  Conj/Erth      0%         9d1       100%        6
 Spellforged Servitor     Conj/Summ      0%         N/A       100%        7


Dungeon Overview and Level Annotations

Branches:
Dungeon (2/15)

Altars:

Shops:
D:1 (:

Annotations:
D:2 1 runed translucent door, Crazy Yiuf, Sigmund


Innate Abilities, Weirdness & Mutations

You are small and have problems with some larger weapons.
You are completely attuned to the shadows.


Message History

Sigmund is poisoned.
Sigmund struggles to breathe.
Sigmund seems to slow down.
Sigmund is lightly wounded.
Sigmund casts a spell.
Sigmund flickers and vanishes!
Deactivating autopickup; reactivate with Ctrl-A.
Something hits you.
You completely miss something. Something hits you!
You hit something but do no damage. You closely miss something.
Something hits you but does no damage.
You barely miss something. You closely miss something.
You closely miss something. Something hits you.
You miss something. You completely miss something.
You hit something but do no damage. Something hits you but does no damage.
You completely miss something. You barely miss something. Something hits you.
You miss something. You closely miss something. Something hits you.
You closely miss something. You barely miss something.
Something barely misses you.
You closely miss something. You hit something. You freeze something.
Something hits you but does no damage.
You hit something but do no damage. You miss something. Something hits you.
* * * LOW HITPOINT WARNING * * *
You hit something. You freeze something. Something completely misses you.
You hit something but do no damage. You hit something but do no damage.
Something hits you but does no damage.
You hit something but do no damage. You hit something but do no damage.
You hear some strange, mumbled words.
Something tries to affect you, but you resist.
You miss something.
You hear some strange, mumbled words.
Something tries to affect you, but you resist.
You miss something. Your punch misses something.
You hit something but do no damage. Something hits you!
You die...

######## #.#...
#......#####.#...
#.##.....##..##'#
#####.##.#.#.##..#...
......##..|......####
#.####..##)#.#.##......
#.#............##..#...
#.#.##.......####..####
#.#.##@####### ##..#..#
#....{.# #...#8.'
##...### #...#..# #...#
#######.#.#### #...#
#.....#.#..... ###.####
#.....#.#..#.. #......#
#..........#.. #.#.##.#
#.....#......# #....#.#
#.....####..##


There were no monsters in sight!

Vanquished Creatures
  3 adders (D:2)
  A ribbon worm (D:2)
  2 endoplasms (D:1)
  10 goblins
  8 hobgoblins
  4 jackals (D:2)
  3 quokkas
  7 ball pythons
  8 bats (D:1)
  A frilled lizard (D:1)
  4 kobolds
  11 rats
62 creatures vanquished.

Notes
Turn   | Place    | Note
-------+----------+-------------------------------------------
     0 | D:1      | Eitelfritz the Kobold Brigand began the quest for the Orb.
     0 | D:1      | Reached XP level 1. HP: 12/12 MP: 1/1
    70 | D:1      | Found Kihag's Book Boutique.
   202 | D:1      | Reached XP level 2. HP: 17/17 MP: 2/2
   359 | D:1      | Reached skill level 6 in Stealth
   397 | D:1      | Reached XP level 3. HP: 21/21 MP: 3/3
   701 | D:1      | Found Xumitz's Antique Weapon Shop.
   962 | D:2      | Found a runed translucent door.
   965 | D:2      | Noticed Crazy Yiuf
  1043 | D:2      | Reached XP level 4. HP: 26/27 MP: 4/4
  1329 | D:2      | Reached skill level 7 in Stealth
  1403 | D:2      | Noticed Sigmund
  1642 | D:2      | Found a faded altar of an unknown god.
  1738 | D:2      | Slain by Sigmund

Illustrated notes

Levels and vault maps discovered:
D:1:      denvon_arrival_waterhouse, layout_basic, serial_shops, shop_statue,
          nicolae_shop_real_fake_doors, minmay_close_crescents
D:2:      layout_loops_cross, shapermc_ecumenical_altar_mp_vishouse,
          uniq_crazy_yiuf_cottage, uniq_sigmund

Skill      XL: |  1  2  3  4 |
---------------+-------------+-----
Stealth        | 6 7 |  7.0
Short Blades   | 3 |  3.4
Fighting       | |  2.5
Throwing       | |  2.5
Armour         | |  0.3
Dodging        | |  1.6

Action                     |  1- 3 |  4- 6 || total
---------------------------+-------+-------++-------
  Melee: Dagger            |    57 |   101 ||   158
  Throw: Dart              |       |     1 ||     1
   Stab: Sleeping          |    29 |    10 ||    39
 Armour: Leather armour    |     6 |    43 ||    49
  Dodge: Dodged            |     9 |    40 ||    49
